Map: Ice and Chrome LE

Players

ShoWTimE - Winner!

  • Race: Protoss Protoss
  • League: Master
  • Spawn Location: 1:00

uwuThermal (uThermal)

  • Race: Terran Terran
  • League: Grandmaster
  • Spawn Location: 7:00

Event: DreamHack SC2 Masters 2020 Fall

VOD

Have the link to the VOD?

Description

Time

  • Played on: Sept. 10, 2020, 3:35 p.m.
  • Length: 7:31

All games in this series

Show
View Real Time Build Order
Export as new Build Order

ShoWTimE Protoss - Winner!

Build Orders: 1 Gate Expand, Blink Stalkers 

Get SALT Encoding   

  12  0:00  Probe  
  13  0:12  Probe  
  14  0:17  Pylon  
  14  0:24  Probe (Chrono Boost)  
  15  0:36  Probe (Chrono Boost)  
  15  0:37  Gateway  
  16  0:44  Probe (Chrono Boost)  
  16  0:47  Assimilator  
  17  0:51  Probe  
  18  1:03  Probe  
  19  1:15  Probe  
  20  1:24  Cybernetics Core  
  20  1:34  Nexus, Probe  
  21  1:43  Pylon  
  21  1:46  Probe  
  22  1:49  Assimilator  
  22  1:58  Adept (Chrono Boost), Probe  
  22  2:01  Warp Gate  
  25  2:10  Probe  
  26  2:19  Stalker (Chrono Boost)  
  26  2:22  Probe  
  29  2:34  Probe  
  30  2:38  Twilight Council  
  30  2:45  Probe (Chrono Boost), Stalker  
  30  2:50  Probe (Chrono Boost)  
  34  2:58  Probe (Chrono Boost)  
  35  3:02  Gateway, Probe (Chrono Boost)  
  35  3:03  Probe (Chrono Boost)  
  37  3:11  Blink (Chrono Boost), Probe  
  37  3:12  Probe  
  39  3:23  Probe  
  39  3:24  Probe  
  39  3:26  Pylon  
  41  3:31  Robotics Facility  
  41  3:35  Probe  
  41  3:36  Probe  
  43  3:47  Probe  
  43  3:48  Probe  
  45  3:51  Sentry  
  45  3:54  Nexus  
  47  3:57  Pylon  
  47  3:59  Probe  
  47  4:00  Probe  
  47  4:01  Phoenix  
  49  4:04  Assimilator  
  49  4:09  Stalker  
  51  4:11  Probe  
  51  4:12  Probe  
  51  4:14  Pylon  
  53  4:19  Observer  
  53  4:23  Probe  
  55  4:24  Probe  
  55  4:29  Stalker  
  58  4:32  Stalker  
  58  4:37  Gateway, Probe x2  
  58  4:38  Gateway  
  62  4:42  Observer  
  63  4:47  Pylon  
  63  4:51  Probe x2  
  65  4:53  Shield Battery  
  65  4:55  Stalker x2  
  69  5:05  Probe x2  
  71  5:10  Shield Battery, Probe  
  72  5:19  Stalker x2  
  76  5:22  Probe x2  
  76  5:25  Charge  
  78  5:34  Stalker x2  
  82  5:37  Pylon  
  82  5:39  Gateway x2  
  82  5:45  Gateway  
  82  5:48  Gateway, Pylon  
  82  5:52  Immortal (Chrono Boost)  
  80  6:06  Zealot x3  
  80  6:07  Zealot  
  89  6:16  Pylon  
  89  6:21  Warp Prism (Chrono Boost)  
  85  6:27  Stalker x4  
  85  6:28  Probe x2  
  85  6:30  Probe  
  83  6:40  Probe x2  
  83  6:42  Probe  
  83  6:51  Zealot x2  
  83  6:52  Zealot x2, Probe  
  92  6:54  Probe  
  92  6:55  Probe  
  94  7:04  Probe  
  94  7:05  Zealot x3  
  94  7:07  Zealot  
  103  7:08  Probe  
  103  7:10  Probe  
  103  7:15  Pylon  
  99  7:25  Zealot x4  
Show
View Real Time Build Order
Export as new Build Order

uwuThermal Terran 

Build Orders: Reaper Expand, Banshee Rush 

Get SALT Encoding   

  12  0:00  SCV  
  13  0:12  SCV  
  14  0:16  Supply Depot  
  14  0:24  SCV  
  15  0:38  SCV  
  15  0:40  Barracks  
  16  0:43  Refinery  
  16  0:50  SCV  
  17  1:02  SCV  
  18  1:14  SCV  
  19  1:27  Orbital Command, Reaper  
  20  1:42  Command Center  
  20  1:48  Supply Depot  
  20  1:53  SCV  
  21  1:59  Marine  
  22  2:05  SCV  
  22  2:07  Factory  
  23  2:15  Bunker  
  23  2:17  SCV  
  23  2:20  Barracks Reactor  
  24  2:24  Refinery  
  24  2:29  SCV  
  25  2:41  SCV  
  25  2:52  Hellion  
  25  2:53  SCV  
  25  2:54  Starport  
  25  2:56  Orbital Command  
  25  2:57  Marine  
  25  2:58  Marine  
  30  3:05  SCV  
  31  3:14  Factory Tech Lab  
  31  3:15  Marine  
  31  3:16  Marine  
  31  3:17  SCV  
  34  3:21  SCV  
  35  3:30  SCV  
  35  3:33  SCV, Marine  
  35  3:34  Marine  
  38  3:37  Factory Tech Lab  
  38  3:38  Cloaking Field  
  38  3:39  Banshee  
  42  3:42  SCV  
  42  3:45  SCV  
  44  3:48  Supply Depot  
  44  3:51  Marine  
  44  3:52  Marine  
  46  3:56  Supply Depot  
  46  4:10  Siege Tank, SCV x2, Marine x2  
  46  4:12  Supply Depot  
  53  4:22  Banshee, SCV x2  
  58  4:27  Marine x2  
  60  4:34  SCV x2  
  60  4:35  Command Center  
  60  4:45  Siege Tank, Marine x2  
  63  4:46  SCV x2  
  63  4:50  Supply Depot  
  67  4:58  SCV x2  
  67  4:59  Barracks  
  69  5:00  Barracks  
  69  5:03  Marine  
  70  5:12  Engineering Bay, SCV x2, Marine  
  70  5:13  Engineering Bay  
  73  5:16  Refinery  
  73  5:17  Refinery  
  73  5:21  Marine  
  73  5:24  SCV x2  
  73  5:25  Factory Reactor  
  76  5:31  Marine  
  77  5:36  SCV  
  78  5:47  SCV, Marine  
  78  5:48  SCV  
  81  5:54  Marine  
  80  5:59  SCV  
  80  6:00  SCV  
  80  6:03  Combat Shield, Marauder  
  80  6:04  Marauder  
  84  6:09  Bunker  
  84  6:10  Bunker  
  83  6:11  SCV, Marine  
  83  6:14  SCV  
  83  6:15  Orbital Command, Marine  
  86  6:23  SCV  
  86  6:24  Medivac  
  86  6:25  Marauder  
  91  6:28  Marine  
  91  6:30  Supply Depot  
  85  6:33  Marine  
  85  6:37  Barracks  
  85  6:39  Barracks, Marine  
  76  6:43  SCV  
  76  6:44  Widow Mine x2  
  81  6:51  Marauder, Marine x2  
  81  6:52  SCV x2  
  87  6:56  Bunker  
  87  6:57  Marine  
  87  7:04  Armory  
  87  7:08  SCV x2  
  86  7:09  Marine x2  
  86  7:12  SCV  
  86  7:13  Supply Depot  
  86  7:15  Factory Reactor  

Tags
 
Add a new tag
Caveats
  • Supply blocks, unpowered buildings, or Contaminate may cause inaccurate times.
  • Supply counts are checked every 10 seconds.